 Dungeon Crawl Stone Soup version 0.27.0-1-g7a089689b8 (webtiles) character file.

Game seed: 3658546004958443281

3 Sobieck the Grasshopper (level 1, 6/20 HPs)
             Began as a Gnoll Warper on Aug 8, 2021.
             Got out of the dungeon alive.
             The game lasted 00:00:21 (152 turns).

Sobieck the Grasshopper (Gnoll Warper)               Turns: 152, Time: 00:00:22

Health: 6/20       AC:  3    Str: 10    XL:     1   Next: 50%
Magic:  6/6        EV: 12    Int: 12    God:
Gold:   10         SH:  0    Dex: 11    Spells: 9/9 levels left

rFire    . . .     SeeInvis .   a - +0 mace {mace}
rCold    . . .     Faith    .   (no shield)
rNeg     . . .     Spirit   .   b - +0 leather armour
rPois    .         Reflect  .   (no helmet)
rElec    .         Harm     .   (no cloak)
rCorr    .         Rampage  .   (no gloves)
Will     .....                  (no boots)
Stlth    +.........             (no amulet)
HPRegen  0.06/turn              (no ring)
MPRegen  0.10/turn              (no ring)

@: no status effects
A: fangs 1, strong nose, distributed training
a: no special abilities


You escaped.
You visited 1 branch of the dungeon, and saw 1 of its levels.

You collected 10 gold pieces.


Innate Abilities, Weirdness & Mutations

You have very sharp teeth.
Your uncanny sense of smell can sniff out nearby items.
Your experience applies equally to all skills.


   Skills:
 + Level 4.4 Fighting
 + Level 0.0 Short Blades
 + Level 0.0 Long Blades
 + Level 0.0 Axes
 + Level 4.4 Maces & Flails
 + Level 0.0 Polearms
 + Level 0.0 Staves
 + Level 0.0 Slings
 + Level 0.0 Bows
 + Level 0.0 Crossbows
 + Level 2.3 Throwing
 + Level 2.3 Armour
 + Level 4.4 Dodging
 + Level 0.0 Stealth
 + Level 0.0 Shields
 + Level 0.0 Unarmed Combat
 + Level 4.8 Spellcasting
 + Level 0.0 Conjurations
 + Level 0.0 Hexes
 + Level 0.0 Summonings
 + Level 0.0 Necromancy
 + Level 5.3 Translocations
 + Level 0.0 Transmutations
 + Level 0.0 Fire Magic
 + Level 0.0 Ice Magic
 + Level 0.0 Air Magic
 + Level 0.0 Earth Magic
 + Level 0.0 Poison Magic
 + Level 0.1 Invocations
 + Level 0.0 Evocations


You had 9 spell levels left.
You didn't know any spells.
Your spell library contained the following spells:

 Spells                   Type           Power      Damage    Failure   Level
 Blink                    Tloc           N/A        N/A       4%          2
 Gell's Gravitas          Tloc           7%         N/A       9%          3
 Lesser Beckoning         Tloc           7%         N/A       9%          3
 Teleport Other           Tloc           15%        N/A       9%          3
 Manifold Assault         Tloc           15%        N/A       63%         5

Inventory:

Hand Weapons
 a - a +0 mace (weapon) {mace}
Missiles
 d - 5 boomerangs of dispersal (quivered) {=f!fthrowing}
 e - 27 stones {throwing}
 f - 10 poisoned darts {throwing}
Armour
 b - a +0 leather armour (worn)
Scrolls
 c - a scroll of blinking {!r}

Dungeon Overview and Level Annotations

Branches:
Dungeon (1/15)

Altars:

... #.# #.# #.#
#######.#
#.....#.#
#.....#[#
+..@..'.#####
#.....#.....#
#.....#####.#
####### #.# . #.#
#. #># #. #.#
..###.###.########
..................


There were no monsters in sight!


Message History

You add the spells Blink, Lesser Beckoning, Gell's Gravitas, Teleport Other and Manifold Assault to your library. 🤖 Initializing magus.rc ... ✅ Successfully initialized magus_sobieck.rc [v0.0.2] Welcome, Sobieck the Gnoll Warper.
The bosom of this dungeon contains the fabled artefact, the Orb of Zot.
Press ? for a list of commands and other information.
Found a staircase leading out of the dungeon.
Unknown command.
You open the door.
There is an open door here.
Found a stone staircase leading down.
Unknown command.
There is a stone staircase leading down here.
A kobold comes into view. It is wielding a +0 short sword.
The kobold shouts!
Danger!
The kobold hits you but does no damage.
You hit the kobold. Your bite misses the kobold.
The kobold hits you but does no damage.
The kobold hits you with a +0 short sword.
You hit the kobold.
You kill the kobold!
No target in view!
No target in view!
A rat comes into view.
Danger!
Things that are here:
a +0 short sword {short}; 2 stones {throwing}; a kobold corpse The rat barely misses you.
You hit the rat.
You kill the rat!
No target in view!
No target in view!
e - 2 stones {throwing}
Things that are here:
a +0 short sword {short}; a kobold corpse
f - 10 poisoned darts {throwing} A kobold comes into view.
It is wielding a +0 club.
You see here 10 gold pieces.
Danger!
The kobold shouts!
You hear an angry hiss.
The kobold throws a stone.
The stone barely misses you. The kobold hits you with a +0 club.
You barely miss the kobold. The kobold closely misses you.
You barely miss the kobold. The kobold misses you.
The kobold hits you with a +0 club.
You are too injured to fight recklessly!
Unknown command.
You are too injured to fight recklessly!
You barely miss the kobold.
A ball python comes into view.
The kobold hits you with a +0 club.
You hit the kobold.
You kill the kobold!
Things that are here:
a +0 club {mace}; 2 stones {throwing}; a kobold corpse Danger!
The ball python closely misses you. The ball python grabs you.
The ball python constricts you.
You hit the ball python. The ball python closely misses you.
The ball python constricts you.
You barely miss the ball python. The ball python bites you.
* * * LOW HITPOINT WARNING * * *
x2 The ball python constricts you.
The ball python bites you.
* * * LOW HITPOINT WARNING * * *
x2 The ball python constricts you.
You completely miss the ball python. The ball python bites you.
* * * LOW HITPOINT WARNING * * *
The ball python constricts you.
You hit the ball python.
You kill the ball python!
Unknown command.
You see here a ball python corpse.
e - 25 stones {throwing} (gained 23)
e - 27 stones {throwing} (gained 2)
Things that are here:
a +0 club {mace}; a kobold corpse You now have 10 gold pieces.
Things that are here:
a +0 short sword {short}; a kobold corpse
There is a stone staircase leading down here.
There is an open door here.
There is a staircase leading out of the dungeon here.
You can't go down here!
Are you sure you want to leave the Dungeon?
This will make you lose the game!
You have escaped!

Action                   || total
-------------------------++-------
Melee: Mace              ||    11
Armor: Leather armour    ||     2
Dodge: Dodged            ||     6

Levels and vault maps discovered:
D:1:      minmay_arrival_checkered_box, layout_loops_ring,
          chequers_ecumenical_altar_simple

Notes
Turn   | Place    | Note
-------+----------+-------------------------------------------
     0 | D:1      | Sobieck the Gnoll Warper began the quest for the Orb.
     0 | D:1      | Reached XP level 1. HP: 20/20 MP: 6/6
   112 | D:1      | HP: 5/20 [ball python (3)]
   152 | D:$      | Got out of the dungeon alive.

Vanquished Creatures
  2 kobolds (D:1)
  A ball python (D:1)
  A rat (D:1)
4 creatures vanquished.

Table legend:
 A = Non-vault XP
 B = Vault XP
 C = Vault XP percentage of total XP
 D = Non-vault monster count
 E = Vault monster count
 F = Vault count percentage of total count
                 A         B        C        D         E       F
            +---------+---------+-------+---------+---------+-------
      Total |       5 |       0 |   0.0 |       4 |       0 |   0.0
            +---------+---------+-------+---------+---------+-------
        D:1 |       5 |       0 |   0.0 |       4 |       0 |   0.0
            +---------+---------+-------+---------+---------+-------

Illustrated notes

Table legend:
 A = Kills in this place as a percentage of kills in entire the game.
 B = Kills by you in this place as a percentage of kills by you in the entire game.
 C = Kills by friends in this place as a percentage of kills by friends in the entire game.
 D = Other kills in this place as a percentage of other kills in the entire game.
 E = Experience gained in this place as a percentage of experience gained in the entire game.
 F = Experience gained in this place divided by the number of levels of this place that you have seen.
                   A       B       C       D       E      F
               +-------+-------+-------+-------+-------+----------------------
         Total | 100.0 | 100.0 |   N/A |   N/A | 100.0 |   5.0
       Dungeon | 100.0 | 100.0 |   N/A |   N/A | 100.0 |   5.0
               +-------+-------+-------+-------+-------+----------------------

Table legend: (Time is in decaauts)
 A = Elapsed time spent in this place.
 B = Non-inter-level travel time spent in this place.
 C = Inter-level travel time spent in this place.
 D = Time resting spent in this place.
 E = Time spent auto-exploring this place.
 F = Levels seen in this place.
 G = Mean time per level.
                   A        B        C        D        E       F      G
               +--------+--------+--------+--------+--------+-----+--------+
         Total |    154 |    129 |     25 |      0 |     91 |   1 |  154.0 |
       Dungeon |    154 |    129 |     25 |      0 |     91 |   1 |  154.0 |
               +--------+--------+--------+--------+--------+-----+--------+

Top non-repeatable levels by time:
     D:1: 154 daAuts
